AoeStats
← LABRUTTI

Arabia

509928231Analyzed
1v1 RM · 4d ago on Sep 28, 2026· 49m 22s· 2 players
Game mode
Random Map
Map size
Tiny (2 player)
Population
200
Speed
Normal
Resources
Standard
Victory
Conquest
Starting age
Dark Age
Ending age
Imperial Age
RankedLock teamsTeams togetherTeam positionsShared explorationLock speedFull tech treeHidden civsTurbo modeCheats
Victory
Defeat
🇨🇴 Hindustanis · Colombia
1181
+16
🇫🇷 Wei · France
1175
-16
LABRUTTI
5:04 Loom
8:35 Feudal Age
7:39 Loom
9:24 Double-Bit Axe
9:27 Horse Collar
16:04 Gold Mining
21:07 Castle Age
19:53 Fletching
21:15 Scale Barding Armor
21:30 Bloodlines
21:59 Bodkin Arrow
25:01 Padded Archer Armor
25:22 Chain Barding Armor
26:47 Leather Archer Armor
27:10 Husbandry
29:25 Wheelbarrow
29:25 Forging
29:24 Stone Mining
36:15 Ballistics
37:49 Gold Shaft Mining
37:53 Heavy Plow
39:48 Bow Saw
40:45 Thumb Ring
43:47 Tuntian
44:43 Iron Casting
47:32 Imperial Age
45:11 Town Watch
47:10 Scale Mail Armor
48:46 Parthian Tactics
48:26 Bracer
El Playaman
5:17 Loom
9:06 Feudal Age
10:02 Double-Bit Axe
20:27 Castle Age
18:18 Horse Collar
19:56 Bloodlines
21:08 Fletching
21:24 Scale Barding Armor
22:01 Bow Saw
24:48 Husbandry
26:06 Chain Barding Armor
31:17 Forging
39:47 Imperial Age
39:46 Heavy Plow
39:37 Gold Mining
39:38 Town Watch
39:49 Heavy Camel Rider
42:07 Plate Barding Armor
42:33 Wheelbarrow
41:59 Town Patrol
42:36 Iron Casting
43:00 Conscription
43:08 Grand Trunk Road
42:50 Imperial Camel Rider
44:59 Hand Cart
45:46 Two-Man Saw
45:23 Gold Shaft Mining
44:39 Stone Mining
45:15 Ballistics
45:56 Chemistry
46:10 Blast Furnace
45:00 Fletching
Connection lost

Rejoining the realm…

Still unreachable

The connection could not be restored.

Session expired

The server has moved on; the page needs a fresh start.